 Dungeon Crawl Stone Soup version 0.30.0-29-ga12c61a403 (webtiles) character file.

Game seed: 11141247300015800248

31 cheesebisquit the Shield-Bearer (level 3, -2/36 HPs)
             Began as a Troll Fighter on June 13, 2023.
             Slain by a goblin
             ... wielding a +0 club
             ... led by Robin
              (6 damage)
             ... on level 2 of the Dungeon.
             The game lasted 00:02:48 (631 turns).

cheesebisquit the Shield-Bearer (Troll Fighter)      Turns: 631, Time: 00:02:48

Health: -2/36      AC:  4    Str: 24    XL:     3   Next: 7%
Magic:  2/2        EV:  8    Int:  6    God:
Gold:   41         SH:  7    Dex:  9    Spells: 2/2 levels left

rFire   . .          .
                       - Unarmed
rCold   . . .        b - +0 kite shield
rNeg    . . .        a - +0 robe
rPois   .            (helmet restricted)
rElec   .            (no cloak)
rCorr   .            (gloves unavailable)
SInv    .            (boots unavailable)
Will    .....        (no amulet)
Stlth   +            (no ring)
HPRegen 1.06/turn    (no ring)
MPRegen 0.08/turn

%: no passive effects
@: mighty
A: large, unfitting armour, claws 3, regeneration 1, shaggy fur 1, tough skin 1
a: no special abilities


You were on level 2 of the Dungeon.
You visited 1 branch of the dungeon, and saw 2 of its levels.

You collected 41 gold pieces.

Inventory:

Missiles
 g - 4 atropa-tipped darts (quivered)
Armour
 a - a +0 robe (worn)
 b - a +0 kite shield (worn)
Scrolls
 f - a scroll of teleportation {unknown}
 h - a scroll of amnesia {unknown}
 i - a scroll of immolation {unknown}
 j - a scroll of blinking {unknown}
Potions
 d - 2 potions of mutation {unknown}


   Skills:
 + Level 2.7 Fighting
 - Level 2.4 Dodging
 + Level 3.0 Shields
 * Level 2.9 Unarmed Combat


You had 2 spell levels left.
You didn't know any spells.
Your spell library contained the following spells:

 Spells                   Type           Power      Damage    Failure   Level
 Magic Dart               Conj           0%         1d3       73%         1
 Call Imp                 Summ           0%         N/A       86%         2
 Mephitic Cloud           Conj/Pois/Air  0%         N/A       97%         3


Dungeon Overview and Level Annotations

Branches:
Dungeon (2/15)

Altars:

Annotations:
D:2 Robin


Innate Abilities, Weirdness & Mutations

You are too large for most types of armour.
You have claws for hands.
Your natural rate of healing is unusually fast.
You are covered in fur. (AC +1)
You have tough skin. (AC +1)


Message History

The goblin hits you with a +0 club.
The goblin unwields a +0 sling.
The goblin wields a +0 club.
The goblin hits you with a +0 club.
You closely miss the goblin. The goblin hits you with a +0 club.
The goblin hits you with a +0 dagger. You block the hobgoblin's attack.
The goblin hits you with a +0 club. You block the goblin's attack.
You feel very mighty all of a sudden. The goblin hits you but does no damage.
You block the goblin's attack. The goblin hits you with a +0 club.
The hobgoblin hits you.
* * * LOW HITPOINT WARNING * * *
The goblin hits you but does no damage.
You mangle the goblin!!
You kill the goblin!
The goblin closely misses you. You block the hobgoblin's attack.
Robin roars a battlecry!
The goblins go into a battle-frenzy!
The goblin hits you but does no damage. x2
The goblin hits you with a +0 dagger.
* * * LOW HITPOINT WARNING * * *
The goblin hits the plant with a +0 club.
The plant begins to die.
Things that are here:
a +0 club; a +0 club; a goblin corpse The goblin attacks as you move away!
The goblin hits you with a +0 club.
* * * LOW HITPOINT WARNING * * *
The goblin hits the plant with a +0 dagger.
The goblin completely misses you. The goblin attacks as you move away!
You block the goblin's attack. The goblin attacks as you move away!
The goblin hits you with a +0 dagger.
* * * LOW HITPOINT WARNING * * *
Robin says, "My goblins will feast on your bones."
Robin throws the goblin at you! The goblin hits you with a +0 dagger.
* * * LOW HITPOINT WARNING * * *
Okay, then.
As you read the scroll labelled YMEPPE RYKAOTA, it crumbles to dust.
You feel a surge of unholy energy.
The goblin convulses! x3
The hobgoblin convulses!
The goblin convulses!
The hobgoblin convulses!
Robin convulses!
It was a scroll of torment.
A nearby plant withers and dies.
The goblin hits you with a +0 club.
You die...

.######## .#
....P...##.#
..~~.......#.#
P..~~~.P.g....#
#.♣$..~~≈≈♣..g#
#.≈~P~~~~≈≈!†)#
#.)~~~≈~~≈≈~gg#
#PP.~≈≈~≈≈~gg##
#PP.≈≈≈≈≈≈~g@##
#....~≈≈≈≈≈PP.##
#P.P..~~≈~.....#
#..P..P~~P.P...#
#......P.......#
###)#.#####+####
#...# #.### #.#


You could see Robin, 2 hobgoblins and 4 goblins.

Vanquished Creatures
  A bat (D:1)
  2 endoplasms (D:1)
  A giant cockroach (D:1)
  3 hobgoblins
  3 jackals (D:1)
  4 quokkas
  2 ball pythons (D:1)
  2 frilled lizards (D:1)
  6 goblins (D:2)
  A rat (D:1)
25 creatures vanquished.

Notes
Turn   | Place    | Note
-------+----------+-------------------------------------------
     0 | D:1      | cheesebisquit the Troll Fighter began the quest for the
                  | Orb.
     0 | D:1      | Reached XP level 1. HP: 22/22 MP: 0/0
   252 | D:1      | Reached XP level 2. HP: 29/29 MP: 1/1
   574 | D:2      | Reached skill level 3 in Shields
   616 | D:2      | Noticed Robin
   621 | D:2      | Reached XP level 3. HP: 33/36 MP: 2/2
   631 | D:2      | Slain by a goblin

Illustrated notes

Levels and vault maps discovered:
D:1:      heliophobic_arrival_enchanted_forest, layout_basic
D:2:      layout_basic, dilly_ecumenical_altar_fadedgnrine, minmay_fountain_box,
          guppyfry_early_lair_pool, uniq_robin

Skill      XL: |  1  2 |
---------------+-------+-----
Shields        | 3 |  3.0
Fighting       | |  2.7
Dodging        | |  2.4
Unarmed Combat | |  2.9

Action                     || total
---------------------------++-------
  Melee: Unarmed           ||    64
    Use: Scroll            ||     1
         Potion            ||     1
 Armour: Robe              ||    30
  Dodge: Dodged            ||    26
  Block: Kite shield       ||    33
